 Dungeon Crawl Stone Soup version 0.31.0-11-ge490571c62 (webtiles) character file.

Game seed: 8958111708709919620

254 qw the Skirmisher (level 5, -18/30 HPs)
             Began as a Deep Elf Hunter on Feb 4, 2024.
             Demolished by a black bear (28 damage)
             ... on level 5 of the Dungeon.
             The game lasted 00:00:09 (2389 turns).

qw the Skirmisher (Deep Elf Hunter)                 Turns: 2389, Time: 00:00:10

Health: -18/30     AC:  6    Str: 10    XL:     5   Next: 91%
Magic:  7/7        EV:  2    Int: 14    God:
Gold:   189        SH:  0    Dex: 18    Spells: 4/4 levels left

rFire   . . .        j - +0 arbalest
rCold   . . .        (shield currently unavailable)
rNeg    . . .        h - +0 ring mail
rPois   .            d - +0 helmet
rElec   .            (no cloak)
rCorr   .            (no gloves)
SInv    +            (no boots)
Will    .....        (no amulet)
Stlth   +            e - ring of see invisible
HPRegen 0.25/turn    (no ring)
MPRegen 0.10/turn

%: no passive effects
@: sleeping
A: no striking features
a: no special abilities


You were on level 5 of the Dungeon.
You visited 1 branch of the dungeon, and saw 5 of its levels.

You collected 189 gold pieces.


   Skills:
 - Level 2.1 Fighting
 + Level 9.2 Ranged Weapons
 - Level 2.4 Dodging
 - Level 1.2 Stealth


You had 4 spell levels left.
You didn't know any spells.
Your spell library was empty.

Inventory:

Hand Weapons
 j - a +0 arbalest (weapon)
Armour
 d - a +0 helmet (worn)
 h - a +0 ring mail (worn)
Jewellery
 e - a ring of see invisible (left hand)
Scrolls
 g - 2 scrolls of teleportation
Potions
 f - a potion of heal wounds
 i - a potion of brilliance {unknown}

Dungeon Overview and Level Annotations

Branches:
Dungeon (5/15)
 Temple: D:4-7

Altars:


Message History

Done exploring.
What level of the Dungeon? (default 4, ? - help)
There is a stone staircase leading down here.
You climb downwards.
Found a stone staircase leading down.
There is a stone staircase leading up here.
Waypoint 4 assigned to D:5.
A sleepcap comes into view.
Found a blue potion.
Found a stone staircase leading down.
You shoot a bolt. The bolt hits the sleepcap.
The sleepcap is lightly damaged.
You hear an angry growl.
A black bear comes into view.
You shoot a bolt. The bolt barely misses the black bear.
You shoot a bolt. The bolt barely misses the black bear.
You shoot a bolt. The bolt hits the black bear!!
The black bear is severely wounded.
The black bear goes berserk!
The black bear bites you but does no damage.
The black bear barely misses you.
The black bear claws you but does no damage.
You shoot a bolt. The bolt hits the black bear.
The black bear is severely wounded.
The black bear bites you!
The black bear claws you but does no damage.
The black bear barely misses you. The black bear closely misses you.
The black bear claws you. The black bear barely misses you.
You shoot a bolt. The bolt hits the black bear.
The black bear is almost dead.
The black bear closely misses you.
The black bear claws you but does no damage.
The black bear claws you. The sleepcap misses you.
The black bear bites you but does no damage.
The black bear claws you but does no damage. x2
The sleepcap releases spores at you.
You are engulfed in a cloud of soporific spores!
You fall asleep.
The black bear bites you!!
Ouch! That really hurt!
You die...

......
..... #
.... #.
##... ...
###...
....#....
......fh##
.......@.##
.....##...#
.!> #<..# #
#...#
#>....#
...#.##
.###..# ..
..# .. ..


You could see a black bear (berserk) and a sleepcap.

Vanquished Creatures
  A howler monkey (D:4)
  A bombardier beetle (D:4)
  A hound (D:4)
  An iguana (D:3)
  An orc wizard (D:3)
  3 gnolls (D:3)
  An adder (D:4)
  A dart slug (D:2)
  2 ribbon worms (D:2)
  5 orcs
  3 endoplasms
  6 giant cockroaches
  5 hobgoblins
  2 jackals (D:3)
  11 kobolds
  3 quokkas
  5 ball pythons
  4 bats
  2 frilled lizards (D:1)
  3 rats
61 creatures vanquished.

Notes
Turn   | Place    | Note
-------+----------+-------------------------------------------
     0 | D:1      | qw the Deep Elf Hunter began the quest for the Orb.
     0 | D:1      | Reached XP level 1. HP: 12/12 MP: 3/3
     0 | D:1      | 0 ||| qw: Version: 0.3-a-160-g6735b56
     0 | D:1      | 0 ||| qw: Game counter: 5409
     0 | D:1      | 0 ||| qw: Melee chars always use a shield: true
     0 | D:1      | 0 ||| qw: God list: Okawaru
     0 | D:1      | 0 ||| qw: Allow faded altars: false
     0 | D:1      | 0 ||| qw: Do Orc after clearing Dungeon:15 true
     0 | D:1      | 0 ||| qw: Do second Lair branch before Depths: true
     0 | D:1      | 0 ||| qw: Lair rune preference: random
     0 | D:1      | 0 ||| qw: Goals: Normal
     0 | D:1      | 0 ||| PLANNING D:1-11
   143 | D:1      | Reached XP level 2. HP: 16/16 MP: 4/4
   149 | D:1      | Reached skill level 6 in Ranged Weapons
   575 | D:1      | 575 ||| READING scroll labelled HESSEY PUFYBOPT.
   576 | D:1      | 576 ||| READING 2 scrolls labelled QASEITH NUNI.
   581 | D:1      | 581 ||| READING scroll labelled PANWA PODWEOP.
   582 | D:1      | 582 ||| READING scroll labelled HITOSH PUXI.
   582 | D:1      | 582 ||| ENCHANTING +0 shortbow.
   583 | D:1      | 583 ||| DRINKING 2 sapphire potions.
   584 | D:1      | 584 ||| DROPPING scroll of butterflies.
   738 | D:2      | Reached XP level 3. HP: 14/20 MP: 5/5
  1043 | D:2      | 1043 ||| READING 3 scrolls labelled REKIEHIHOJ.
  1043 | D:2      | 1043 ||| IDENTIFYING brown potion
  1044 | D:2      | 1044 ||| READING 2 scrolls of identify.
  1044 | D:2      | 1044 ||| IDENTIFYING scroll labelled QORYMMADOU
  1045 | D:2      | 1045 ||| READING scroll of brand weapon.
  1045 | D:2      | 1045 ||| BRANDING +0 shortbow.
  1105 | D:3      | Reached skill level 7 in Ranged Weapons
  1105 | D:3      | Reached XP level 4. HP: 25/25 MP: 6/6
  1320 | D:3      | Found a faded altar of an unknown god.
  1652 | D:3      | 1652 ||| FLEEEEING.
  1653 | D:3      | 1653 ||| FLEEEEING.
  1654 | D:3      | 1654 ||| FLEEEEING.
  1655 | D:3      | 1655 ||| FLEEEEING.
  1656 | D:3      | 1656 ||| FLEEEEING.
  1657 | D:3      | 1657 ||| FLEEEEING.
  1659 | D:3      | 1659 ||| DRINKING potion of curing.
  1659 | D:3      | 1659 ||| (to cure confusion)
  1664 | D:3      | Reached skill level 8 in Ranged Weapons
  1694 | D:3      | Reached XP level 5. HP: 29/29 MP: 7/7
  1934 | D:3      | 1934 ||| UPGRADING to +0 ring mail.
  1944 | D:3      | 1944 ||| DROPPING +0 leather armour.
  1945 | D:3      | 1945 ||| UPGRADING to ring of see invisible.
  1946 | D:3      | 1946 ||| READING 2 scrolls of identify.
  1946 | D:3      | 1946 ||| IDENTIFYING amethyst potion
  1947 | D:3      | 1947 ||| DROPPING potion of lignification.
  2076 | D:4      | Reached skill level 9 in Ranged Weapons
  2348 | D:4      | 2348 ||| SWAPPING to +0 arbalest.
  2349 | D:4      | 2349 ||| DROPPING +0 shortbow of draining.
  2350 | D:4      | 2350 ||| UPGRADING to +0 helmet.
  2355 | D:4      | 2355 ||| READING scroll of identify.
  2355 | D:4      | 2355 ||| IDENTIFYING orange potion
  2356 | D:4      | 2356 ||| DROPPING potion of degeneration.
  2380 | D:5      | Entered Level 5 of the Dungeon
  2383 | D:5      | Noticed a black bear
  2389 | D:5      | Demolished by a black bear

Levels and vault maps discovered:
D:1:      dpeg_arrival_leaves_temple_mockup, layout_loops_ring
D:2:      layout_rooms
D:3:      layout_loops_corners, ebering_ecumenical_altar_petrified
D:4:      layout_rooms
D:5:      layout_cave_pools, mainiacjoe_overflow_small_starburst,
          ebering_ghost_sewer_d, serial_column_ruins, column_ruins_hut,
          column_ruins_open_tiny, column_ruins_open_tiny,
          column_ruins_columns_dead_end, column_ruins_open_small,
          column_ruins_grid_1, column_ruins_open_medium,
          column_ruins_corridor_T, uniq_pikel, uniq_ijyb

Skill      XL: |  1  2  3  4  5 |
---------------+----------------+-----
Ranged Weapons | 6 7 8 9 |  9.2
Fighting       | 2 |  2.1
Dodging        | |  2.4
Stealth        | |  1.2

Action                     |  1- 3 |  4- 6 || total
---------------------------+-------+-------++-------
   Fire: Shortbow          |   112 |    87 ||   199
         Arbalest          |       |     6 ||     6
    Use: Scroll            |     7 |     2 ||     9
         Potion            |     1 |     1 ||     2
 Armour: Leather armour    |    18 |     7 ||    25
         Ring mail         |       |    23 ||    23
  Dodge: Dodged            |    19 |    34 ||    53

Table legend:
 A = Non-vault XP
 B = Vault XP
 C = Vault XP percentage of total XP
 D = Non-vault monster count
 E = Vault monster count
 F = Vault count percentage of total count
                 A         B        C        D         E       F
            +---------+---------+-------+---------+---------+-------
      Total |     364 |       0 |   0.0 |      61 |       0 |   0.0
            +---------+---------+-------+---------+---------+-------
        D:1 |      29 |       0 |   0.0 |      19 |       0 |   0.0
        D:2 |      29 |       0 |   0.0 |      15 |       0 |   0.0
        D:3 |     141 |       0 |   0.0 |      16 |       0 |   0.0
        D:4 |     165 |       0 |   0.0 |      11 |       0 |   0.0
            +---------+---------+-------+---------+---------+-------
